Map: Thunderbird LE

Players

Faust

  • Race: Zerg Zerg
  • League: Platinum
  • Spawn Location: 5:00

pHARM - Winner!

  • Race: Zerg Zerg
  • League: Platinum
  • Spawn Location: 11:00

VOD

Have the link to the VOD?

Description

Time

  • Played on: Aug. 5, 2019, 12:36 a.m.
  • Length: 6:50
Show
View Real Time Build Order
Export as new Build Order

Faust Zerg 

Build Orders: Hatch First 

Get SALT Encoding   

  12  0:01  Drone  
  13  0:08  Drone  
  14  0:16  Overlord  
  14  0:34  Drone  
  14  0:35  Drone x2  
  17  0:54  Hatchery  
  16  1:00  Drone x2  
  18  1:07  Drone  
  19  1:14  Extractor  
  19  1:18  Spawning Pool  
  17  1:20  Drone  
  18  1:30  Drone  
  19  1:41  Overlord  
  19  1:50  Drone  
  20  2:05  Queen x2  
  20  2:06  Zergling x4  
  26  2:14  Metabolic Boost  
  26  2:18  Drone x2  
  28  2:33  Overlord  
  28  2:36  Drone  
  28  2:37  Drone  
  30  2:39  Drone  
  31  2:50  Drone x2  
  33  2:57  Drone  
  34  3:06  Roach Warren  
  34  3:09  Evolution Chamber  
  32  3:13  Drone x2  
  32  3:14  Evolution Chamber  
  33  3:21  Drone x5  
  38  3:32  Drone  
  39  3:37  Drone x2  
  41  3:47  Extractor  
  41  3:48  Drone x2  
  42  3:57  Drone x2  
  42  3:58  Overlord  
  42  4:00  Lair  
  44  4:19  Drone x3  
  44  4:20  Overlord  
  47  4:26  Hatchery  
  46  4:38  Roach x3  
  52  4:41  Zerg Missile Weapons Level 1  
  52  4:45  Extractor  
  51  4:47  Extractor  
  51  4:50  Drone  
  51  4:58  Overlord x2  
  51  4:59  Overlord  
  51  5:03  Glial Reconstitution  
  51  5:13  Drone  
  52  5:17  Drone x3  
  52  5:18  Drone x4  
  59  5:23  Overlord x2  
  59  5:35  Roach x3  
  65  5:36  Roach  
  65  5:41  Queen  
  70  5:42  Drone  
  70  5:51  Hatchery  
  69  5:57  Drone  
  69  5:58  Drone x3  
  69  5:59  Drone x4  
  77  6:08  Roach  
  77  6:09  Roach  
  71  6:29  Roach x7  
  85  6:36  Roach Warren  
Show
View Real Time Build Order
Export as new Build Order

pHARM Zerg - Winner!

Build Orders: Hatch First 

Get SALT Encoding   

  12  0:01  Drone  
  13  0:13  Overlord  
  13  0:18  Drone  
  14  0:31  Drone x2  
  16  0:37  Drone  
  17  0:55  Hatchery  
  16  1:01  Drone  
  16  1:02  Drone  
  18  1:15  Spawning Pool  
  17  1:23  Drone x2  
  19  1:30  Drone  
  20  1:44  Extractor  
  19  1:50  Drone  
  20  2:06  Queen  
  20  2:07  Queen  
  24  2:10  Drone x3  
  27  2:17  Drone  
  28  2:26  Overlord  
  28  2:45  Drone x5  
  28  2:47  Lair  
  28  2:48  Queen  
  35  3:07  Evolution Chamber, Drone  
  35  3:08  Drone  
  35  3:10  Overlord x2  
  36  3:23  Roach Warren  
  35  3:30  Evolution Chamber  
  35  3:32  Drone x7  
  41  3:34  Zerg Missile Weapons Level 1  
  41  3:43  Drone x2  
  43  3:49  Extractor  
  43  3:50  Extractor  
  41  4:04  Drone x5  
  41  4:05  Drone  
  47  4:11  Drone  
  47  4:13  Overlord x2  
  48  4:19  Glial Reconstitution  
  48  4:24  Overlord x2  
  48  4:33  Roach x6  
  48  4:36  Roach  
  62  4:52  Roach x2  
  70  4:53  Roach x2  
  70  4:56  Hatchery  
  69  5:13  Roach x7  
  83  5:17  Overseer  
  83  5:29  Overlord x2  
  83  6:03  Drone x6  
Tags
 
Add a new tag
Caveats
  • Supply blocks, unpowered buildings, or Contaminate may cause inaccurate times.
  • Supply counts are checked every 10 seconds.